 Dungeon Crawl Stone Soup version 0.29-a0-925-g0a7a3d12f8 (webtiles) character file.

Game seed: 12036744015750477197

28 gelatine the Chopper (level 2, 0/22 HPs)
             Began as a Demonspawn Gladiator on July 28, 2022.
             Slain by a kobold
             ... wielding a +0 whip
              (2 damage)
             ... on level 2 of the Dungeon.
             The game lasted 00:01:16 (970 turns).

gelatine the Chopper (Demonspawn Gladiator)          Turns: 970, Time: 00:01:17

Health: 0/22       AC:  3    Str: 14    XL:     2   Next: 96%
Magic:  2/2        EV: 12    Int:  9    God:
Gold:   29         SH:  0    Dex: 14    Spells: 1/1 levels left

rFire   . . .      SeeInvis .   a - +0 war axe
rCold   . . .      Faith    .   (no shield)
rNeg    . . .      Spirit   .   b - +0 leather armour
rPois   .          Reflect  .   (helmet restricted)
rElec   .          Harm     .   (no cloak)
rCorr   .          Rampage  .   (no gloves)
Will    .....                   (no boots)
Stlth   +.........              (no amulet)
HPRegen 0.07/turn               (no ring)
MPRegen 0.08/turn               (no ring)

@: no status effects
A: horns 1
a: no special abilities


You were on level 2 of the Dungeon.
You visited 1 branch of the dungeon, and saw 2 of its levels.

You collected 29 gold pieces.

Inventory:

Hand Weapons
 a - a +0 war axe (weapon)
Missiles
 d - 2 throwing nets (quivered)
 e - a javelin
Armour
 b - a +0 leather armour (worn)
 c - a +0 helmet
 g - a +0 scale mail
Magical Staves
 h - a staff of poison
Scrolls
 i - a scroll of blinking {unknown}
 l - a scroll of magic mapping {unknown}
 n - a scroll of noise {unknown}
Potions
 f - a potion of invisibility {unknown}
 j - 3 potions of heal wounds {unknown}
 k - a potion of might {unknown}
 m - a potion of brilliance {unknown}


   Skills:
 + Level 2.2 Fighting
 + Level 3.3 Axes
 + Level 1.9 Throwing
 + Level 0.1 Armour
 + Level 2.9 Dodging
 + Level 0.1 Stealth


You had one spell level left.
You didn't know any spells.
Your spell library contained the following spells:

 Spells                   Type           Power      Damage    Failure   Level
 Apportation              Tloc           0%         N/A       45%         1
 Necrotise                Necr           0%         1d4       45%         1
 Summon Small Mammal      Summ           0%         N/A       45%         1


Dungeon Overview and Level Annotations

Branches:
Dungeon (2/15)

Altars:


Innate Abilities, Weirdness & Mutations

You have a pair of small horns on your head.


Message History

You feel sick. The adder barely misses you. The adder bites you.
You see here a frilled lizard corpse.
You closely miss the adder.
You feel sick.
The kobold shouts!
The adder closely misses you.
You closely miss the adder.
You feel sick. The adder bites you but does no damage.
The kobold throws a stone.
The stone hits you. The adder bites you but does no damage.
You hit the adder but do no damage. You headbutt the adder.
The adder is heavily wounded.
You feel sick. The adder closely misses you. The adder misses you.
You barely miss the adder.
The adder is heavily wounded.
You feel sick.
You are no longer poisoned.
The adder closely misses you. The adder misses you.
You barely miss the adder.
The adder is heavily wounded.
The adder closely misses you.
You closely miss the adder.
The adder is heavily wounded.
The adder closely misses you. The adder bites you.
The kobold barely misses you.
You closely miss the adder. Your headbutt misses the adder.
The adder is heavily wounded.
You hit the kobold. The adder bites you but does no damage.
The kobold hits you but does no damage. The adder barely misses you.
You miss the adder.
The adder is heavily wounded.
You closely miss the kobold. The adder barely misses you.
The kobold barely misses you.
You slash the adder!
You kill the adder!
You miss the kobold. The kobold hits you with a +0 whip.
* * * LOW HITPOINT WARNING * * *
The kobold closely misses you. The kobold hits you but does no damage.
The kobold throws a stone.
The stone hits you but does no damage. The kobold hits you with a +0 whip.
You die...

## #..#. #..
#..... #.#
##......
+..######.......
###......#........
#............<#
#......<..†.#
#....###.#..# ###
#.†@.# .......K..#
#..........#
.............
.............#
.............#
.............#
.............#


You could see a kobold.

Vanquished Creatures
  An adder (D:2)
  A dart slug (D:1)
  2 endoplasms (D:1)
  2 goblins (D:1)
  3 hobgoblins (D:1)
  A quokka (D:1)
  A bat (D:1)
  4 frilled lizards
  2 rats (D:1)
17 creatures vanquished.

Notes
Turn   | Place    | Note
-------+----------+-------------------------------------------
     0 | D:1      | gelatine the Demonspawn Gladiator began the quest for the
                  | Orb.
     0 | D:1      | Reached XP level 1. HP: 16/16 MP: 1/1
   229 | D:1      | Reached skill level 3 in Axes
   229 | D:1      | Gained mutation: You have a pair of small horns on your
                  | head. [demonic ancestry]
   229 | D:1      | Reached XP level 2. HP: 20/22 MP: 2/2
   708 | D:1      | Found a faded altar of an unknown god.
   970 | D:2      | Slain by a kobold

Illustrated notes

Levels and vault maps discovered:
D:1:      denvon_arrival_planthouse, layout_basic,
          ebering_ecumenical_altar_petrified
D:2:      layout_rooms, grunt_ministairs_15, minmay_box_of_dots, uniq_natasha,
          uniq_sigmund, uniq_crazy_yiuf_cottage

Skill      XL: |  1 |
---------------+----+-----
Axes           | 3 |  3.3
Fighting       | |  2.2
Throwing       | |  1.9
Armour         | |  0.1
Dodging        | |  2.9
Stealth        | |  0.1

Action                   || total
-------------------------++-------
Melee: War axe           ||    49
       Headbutt          ||     4
Throw: Throwing net      ||     1
 Stab: Sleeping          ||     1
Armor: Leather armour    ||    23
Dodge: Dodged            ||    45

Table legend: (Time is in decaauts)
 A = Elapsed time spent in this place.
 B = Non-inter-level travel time spent in this place.
 C = Inter-level travel time spent in this place.
 D = Time resting spent in this place.
 E = Time spent auto-exploring this place.
 F = Levels seen in this place.
 G = Mean time per level.
                   A        B        C        D        E       F      G
               +--------+--------+--------+--------+--------+-----+--------+
         Total |    986 |    944 |     42 |      0 |    752 |   2 |  493.0 |
       Dungeon |    986 |    944 |     42 |      0 |    752 |   2 |  493.0 |
               +--------+--------+--------+--------+--------+-----+--------+

Top non-repeatable levels by time:
     D:1: 959 daAuts
     D:2: 27 daAuts
